 Dungeon Crawl Stone Soup version 0.23-a0-407-g92528d7c89 (webtiles) character file.

193368 Zesh the Imperceptible (level 18, -12/93 HPs)
             Began as a Spriggan Enchanter on Nov 7, 2018.
             Was the Champion of Dithmenos.
             Killed from afar by Roxanne (39 damage)
             ... with a bolt of magma
             ... on level 2 of the Shoals.
             The game lasted 01:42:17 (38935 turns).

Zesh the Imperceptible (Spriggan Enchanter)        Turns: 38935, Time: 01:42:18

Health: -12/93     AC: 14    Str: 14    XL:     18   Next: 6%
Magic:  37/37      EV: 40    Int: 18    God:    Dithmenos [******]
Gold:   2397       SH:  3    Dex: 18    Spells: 32/45 levels left

rFire    . . .     SeeInvis +   P - +4 rapier (elec)
rCold    . . .     Gourm    .   (shield restricted)
rNeg     . . .     Faith    .   b - +2 robe {Archmagi}
rPois    +         Spirit   .   T - +2 hat
rElec    .         Reflect  +   Z - +2 cloak {MR+}
rCorr    .         Harm     .   (gloves unavailable)
MR       ++++.     Clarity  +   (boots unavailable)
Stlth    ++++++++++             e - +3 amulet of reflection
HPRegen  0.25/turn              i - +5 ring of protection
MPRegen  0.25/turn              y - ring of Phasing {EV+8}

@: mighty, wreathed by umbra, very quick
A: very small, unfitting armour, horns 1, see invisible, clarity, herbivore,
speed 3, mutation resistance 1, poison resistance, slow metabolism 2
a: Shadow Step, Shadow Form, Renounce Religion


You were on level 2 of the Shoals.
You worshipped Dithmenos.
Dithmenos was exalted by your worship.
You were not hungry.

You visited 8 branches of the dungeon, and saw 31 of its levels.
You also visited: Labyrinth, Sewer and Ice Cave.

You collected 3109 gold pieces.
You spent 712 gold pieces at shops.

Inventory:

Hand Weapons
 C - a +7 shortbow of velocity
 P - a +4 rapier of electrocution (weapon)
Missiles
 g - 5 throwing nets (quivered)
 D - 731 arrows
Armour
 b - a +2 robe of the Archmagi (worn)
 I - a +2 robe of fire resistance
 T - a +2 hat (worn)
 Z - a +2 cloak of magic resistance (worn)
Jewellery
 e - a +3 amulet of reflection (around neck)
 i - a +5 ring of protection (left hand)
 y - the ring of Phasing (right hand) {EV+8}
   (You found it on level 6 of the Lair of Beasts)

   [ring of evasion]

   It affects your evasion (+8).
 U - an uncursed amulet of rage
Wands
 s - a wand of disintegration (42)
 v - a wand of random effects (45)
 x - a wand of polymorph (31)
 A - a wand of flame (22)
 B - a wand of acid (10)
 M - a wand of iceblast (14)
 N - a wand of digging (13)
 O - a wand of paralysis (8)
 Q - a wand of scattershot (3)
Scrolls
 a - a scroll of summoning
 l - 3 scrolls of blinking
 o - 11 scrolls of fog
 q - 4 scrolls of remove curse
 J - 7 scrolls of teleportation
 L - 3 scrolls of immolation
 R - 12 scrolls of identify
 S - 3 scrolls of fear
 V - a scroll of vulnerability
Potions
 c - 4 potions of lignification
 h - 7 potions of flight
 j - 6 potions of curing
 k - a potion of magic
 m - 3 potions of cancellation
 n - 5 potions of heal wounds
 p - 4 potions of brilliance
 u - a potion of invisibility
 z - 4 potions of haste
 F - 2 potions of ambrosia
 H - a potion of mutation
 W - 2 potions of agility
 X - 2 potions of resistance
Miscellaneous
 K - a lamp of fire
Comestibles
 d - 28 rations


   Skills:
 + Level 9.9 Fighting
 + Level 12.5 Short Blades
 + Level 15.9 Dodging
 + Level 21.8 Stealth
 + Level 14.1 Spellcasting
 * Level 18.0 Hexes


You had 32 spell levels left.
You knew the following spells:

 Your Spells              Type           Power        Failure   Level  Hunger
a - Ensorcelled Hibernat  Hex/Ice        ######       1%          2    None
b - Corona                Hex            #######      0%          1    None
c - Confuse               Hex            #######.     0%          3    None
d - Tukima's Dance        Hex            #######.     0%          3    None
e - Dazzling Spray        Conj/Hex       ######       1%          3    None
f - Apportation           Tloc           ###...       5%          1    None

Your spell library contained the following spells:

 Spells                   Type           Power        Failure   Level  Hunger
 Confusing Touch          Hex            ######       0%          1    None
 Spectral Weapon          Hex/Chrm       ######..     1%          3    None
 Summon Guardian Golem    Hex/Summ       ######..     1%          3    None
 Leda's Liquefaction      Hex/Erth       ######....   1%          4    None
 Animate Skeleton         Necr           N/A          5%          1    None
 Infusion                 Chrm           ###.         5%          1    None
 Shock                    Conj/Air       ###.         5%          1    None
 Sting                    Conj/Pois      ###.         5%          1    None
 Summon Small Mammal      Summ           ###.         5%          1    None
 Call Imp                 Summ           ###.....     8%          2    None
 Poisonous Vapours        Pois/Air       ###...       8%          2    None
 Shroud of Golubria       Chrm/Tloc      ###.......   8%          2    None
 Song of Slaying          Chrm           ###.....     8%          2    None
 Swiftness                Chrm/Air       ###.....     8%          2    None
 Call Canine Familiar     Summ           ###.....     16%         3    None
 Mephitic Cloud           Conj/Pois/Air  ###.....     16%         3    None
 Regeneration             Chrm/Necr      ###.......   16%         3    None
 Static Discharge         Conj/Air       ###.....     16%         3    None
 Vampiric Draining        Necr           ###.......   16%         3    None
 Airstrike                Air            ###.......   45%         4    None
 Olgreb's Toxic Radiance  Pois           ###.....     45%         4    None
 Summon Ice Beast         Ice/Summ       ###.....     45%         4    None
 Summon Lightning Spire   Summ/Air       ###.....     45%         4    None
 Bolt of Draining         Conj/Necr      ###.......   82%         5    ####...
 Bolt of Magma            Conj/Fire/Erth ###.......   82%         5    ####...
 Irradiate                Conj/Tmut      ###.......   82%         5    ####...
 Lightning Bolt           Conj/Air       ###.......   82%         5    ####...
 Venom Bolt               Conj/Pois      ###.......   82%         5    ####...
 Hydra Form               Tmut           ###.......   100%        6    #####..
 Iron Shot                Conj/Erth      ###.......   100%        6    #####..
 Statue Form              Tmut/Erth      ###......    100%        6    #####..
 Dragon Form              Tmut           ###.......   100%        7    #######
 Shatter                  Erth           ###.......   100%        9    #######


Dungeon Overview and Level Annotations

Branches:
Dungeon (15/15)            Temple (1/1) D:4            Lair (6/6) D:11
 Shoals (2/4) Lair:2        Snake (3/4) Lair:3        Slime (0/5) Lair:6
    Orc (2/2) D:11            Elf (1/3) Orc:2        Vaults (0/5) D:14
 Depths (1/5) D:15

Altars:
Ashenzari
Cheibriados
Dithmenos
Elyvilon
Fedhas
Gozag
Hepliaklqana
Kikubaaqudgha
Makhleb
Nemelex Xobeh
Okawaru
Qazlal
Ru
Sif Muna
Trog
Uskayaw
Vehumet
Wu Jian
Xom
Yredelemnul
Zin
The Shining One
Beogh

Shops:
D:5 (   D:6 ([?[   D:8 (   D:10 (   D:11 (   D:13 (   Orc:2 !!(:

Portals:
Pandemonium: Orc:2

Annotations:
Shoals:2 exclusion: Roxanne, Roxanne


Innate Abilities, Weirdness & Mutations

You are very small and have problems with some larger weapons.
You are too small for most types of armour.
You have supernaturally acute eyesight. (SInv)
You are a herbivore.
You cover ground extremely quickly.
You need to consume almost no food.
You have a pair of small horns on your head.
You possess an exceptional clarity of mind.
You are somewhat resistant to further mutation.
Your system is resistant to poisons. (rPois)


Message History

Roxanne is almost destroyed.
The merfolk completely misses you.
You hit Roxanne.
Roxanne is almost destroyed.
You hit Roxanne. You headbutt Roxanne!
Roxanne is almost destroyed.
The merfolk completely misses you. The merfolk siren misses you.
You hit Roxanne.
Roxanne is almost destroyed.
Your shadow hits Roxanne but does no damage.
You hit Roxanne but do no damage.
Roxanne is almost destroyed.
The merfolk siren hits you from afar with a +0 spear!
* * * LOW HITPOINT WARNING * * *
You emit a cloud of dark smoke.
The merfolk completely misses you.
You puncture Roxanne!
Roxanne is almost destroyed.
Roxanne casts a spell.
The bolt of magma hits you!
You die...

............#
.......m....###.
.......!........
..........≈≈...≈≈
.......§.....≈≈≈≈.
......m§§§.....≈≈≈≈
.....§m§§§..≈≈.≈≈≈≈≈
....§.8§§§..≈≈≈≈≈≈≈≈
...§§§§@§§...≈≈≈≈≈≈≈≈≈≈≈
.....§§§§§...≈..≈≈≈≈≈≈≈≈
.....§§§§.........≈≈≈≈≈≈
...............#....≈≈≈≈
..............## #..≈≈≈≈
≈.............# #..≈≈≈≈
≈......%......####..≈≈≈≈
≈≈≈≈≈≈≈≈........(...≈≈≈≈
≈≈≈≈≈≈≈≈...##.......≈≈≈


You could see Roxanne, a merfolk and a merfolk siren.

Vanquished Creatures
  Nikola (Snake:3)
  An Ice Fiend (IceCv)
  Rupert (Snake:1)
  Asterion (Snake:3)
  Kirke (Lair:6)
  The ghost of oberejnoburuli the Eclecticist, an adept DrCj of Vehumet (Shoals:1)
  2 nagarajas (Snake:2)
  The ghost of Tagefim the Champion of Chaos, a journeyman DDFi of Makhleb (Shoals:1)
  The ghost of Artichoke the Blocker, a journeyman DrMo of Jiyva (Shoals:1)
  2 dire elephants
  A minotaur (Lab)
  An ogre mage (D:14)
  Erolcha (D:12)
  A great orb of eyes (Depths:1)
  8 naga warriors
  8 hydras
  3 centaur warriors (D:13)
  A catoblepas (D:15)
  3 anacondas
  A merfolk avatar (Shoals:1)
  8 two-headed ogres
  2 tengu warriors (D:13)
  Urug (D:12)
  5 naga sharpshooters
  6 orc high priests (Orc:2)
  3 shock serpents
  Sonja (Lair:2)
  2 fire crabs
  A skeletal warrior (D:14)
  3 sixfirhies (Orc:2)
  A torturous demonspawn (Orc:2)
  An unseen horror (D:15)
  The ghost of Azzok the Sneak, a novice GnEn (D:8)
  An infernal demonspawn (Orc:2)
  3 salamander mystics (Snake:2)
  2 naga ritualists
  A gelid demonspawn (Orc:2)
  6 orc knights
  11 ugly things
  4 harpies (Shoals:1)
  2 wolf spiders (D:15)
  3 mana vipers
  7 cyclopes
  A wolf spider zombie (D:12)
  5 oklob plants (Lair:6)
  A deep elf mage (D:13)
  5 manticores
  5 orc sorcerers (Orc:2)
  4 salamanders
  3 ice statues (IceCv)
  A merfolk siren (Shoals:1)
  21 elephants
  9 naga magi
  22 black mambas
  2 gargoyles
  28 spiny frogs
  7 komodo dragons
  A rime drake (Lair:4)
  A redback zombie (D:15)
  An efreet (D:15)
  A hellwing (Orc:2)
  A golden dragon simulacrum (IceCv)
  A freezing wraith (D:15)
  10 ice devils (IceCv)
  A queen bee (D:9)
  A harpy zombie (D:15)
  A tengu conjurer (D:15)
  3 merfolk (Shoals:1)
  A hornet (D:12)
  The ghost of Nixze the Firebug, an amateur DrFE of Vehumet (D:4)
  5 tyrant leeches (Lair:6)
  8 slime creatures
  7 trolls
  28 blink frogs
  Prince Ribbit (D:7)
  A snapping turtle (Shoals:1)
  8 hippogriffs
  2 dream sheep (Shoals:1)
  A hippogriff (shapeshifter) (D:14)
  Sigmund (D:4)
  4 wraiths
  2 spriggans (Lair:4)
  A vampire (D:13)
  5 wyverns
  30 yaks
  A dire elephant simulacrum (IceCv)
  14 vampire mosquitoes
  4 basilisks
  3 hungry ghosts
  A dancing weapon (D:8)
  A steam dragon (D:9)
  A harpy simulacrum (IceCv)
  13 water moccasins
  A warg (Orc:1)
  3 hydra simulacra (IceCv)
  3 iron troll simulacra (IceCv)
  21 nagas
  A swamp drake (D:11)
  A porcupine (Lair:3)
  6 ice beasts
  32 orc warriors
  A phantom (D:4)
  A sky beast (D:15)
  3 eyes of draining
  3 black bears
  An ettin simulacrum (IceCv)
  12 ogres
  4 wolves (Lair:4)
  23 centaurs
  8 crocodiles
  9 big kobolds
  A wyvern zombie (D:11)
  22 bullfrogs
  3 scorpions
  18 killer bees
  A troll zombie (D:12)
  A water moccasin skeleton (D:4)
  3 wights (D:9)
  An electric eel (Lair:3)
  8 howler monkeys
  7 crimson imps
  10 jellies
  2 bullfrog skeletons
  5 centaur zombies
  4 hounds
  3 human zombies (D:12)
  26 orc priests
  5 centaur skeletons
  2 human skeletons (D:12)
  Jessica (D:2)
  3 iguanas
  23 orc wizards
  Ijyb (D:3)
  Natasha (thrice) (D:3)
  6 worker ants
  A hound zombie (D:7)
  A hound skeleton (D:9)
  A mummy (D:12)
  A worker ant zombie (D:11)
  3 gnolls (D:7)
  20 adders
  3 shadow imps
  4 oozes
  An adder zombie (D:6)
  An adder skeleton (D:4)
  3 worms
  A dart slug (D:2)
  6 leopard geckos
  97 orcs
  7 ball pythons
  13 giant cockroaches
  4 goblins
  7 hobgoblins
  12 jackals
  6 quokkas
  14 bats
  7 frilled lizards
  40 kobolds
  An orc skeleton (D:12)
  An orc zombie (D:12)
  9 rats
  5 bushes (Lair:5)
  3 plants (Lair:5)
959 creatures vanquished.

Vanquished Creatures (others)
  3 humans (Lair:6)
  17 fungi
  54 plants
  9 toadstools (D:6)
83 creatures vanquished.

Grand Total: 1042 creatures vanquished

Notes
Turn   | Place    | Note
-------+----------+-------------------------------------------
     0 | D:1      | Zesh the Spriggan Enchanter began the quest for the Orb.
     0 | D:1      | Reached XP level 1. HP: 9/9 MP: 5/5
   992 | D:1      | Reached XP level 2. HP: 13/13 MP: 4/7
   996 | D:1      | Learned a level 2 spell: Ensorcelled Hibernation
  1810 | D:1      | Reached XP level 3. HP: 16/16 MP: 6/9
  1815 | D:1      | Learned a level 3 spell: Confuse
  1819 | D:1      | Learned a level 3 spell: Tukima's Dance
  2357 | D:2      | Reached XP level 4. HP: 15/21 MP: 1/11
  2496 | D:2      | Noticed Jessica
  2503 | D:2      | Killed Jessica
  2503 | D:2      | Reached skill level 5 in Hexes
  2659 | D:2      | Learned a level 3 spell: Dazzling Spray
  2693 | D:2      | Found a stormy altar of Qazlal.
  2694 | D:2      | Noticed an air elemental
  2696 | D:2      | Noticed a water elemental
  2696 | D:2      | Noticed a fire elemental
  2696 | D:2      | Noticed an earth elemental
  3058 | D:3      | Found a glowing drain.
  3091 | D:3      | Reached skill level 5 in Stealth
  3093 | D:3      | Reached XP level 5. HP: 24/24 MP: 8/13
  3114 | Sewer    | Entered a sewer
  3271 | Sewer    | Reached skill level 6 in Stealth
  3457 | Sewer    | Reached skill level 7 in Stealth
  3651 | Sewer    | Reached skill level 8 in Stealth
  3651 | Sewer    | Reached XP level 6. HP: 28/28 MP: 14/14
  3718 | D:3      | Noticed Ijyb
  3734 | D:3      | Killed Ijyb
  3734 | D:3      | Reached skill level 9 in Stealth
  4252 | D:3      | Noticed Natasha
  4269 | D:3      | Killed Natasha
  4594 | D:3      | Noticed Natasha
  4609 | D:3      | Killed Natasha
  4762 | D:3      | Noticed Natasha
  4778 | D:3      | Killed Natasha
  4918 | D:4      | Reached skill level 10 in Stealth
  4918 | D:4      | Reached XP level 7. HP: 32/32 MP: 15/15
  5167 | D:4      | Found a runed gate.
  5167 | D:4      | Found a runed gate.
  5167 | D:4      | Found a runed gate.
  5186 | D:4      | Noticed Nixze's ghost (amateur DrFE)
  5228 | D:4      | Noticed Sigmund
  5232 | D:4      | Reached skill level 11 in Stealth
  5238 | D:4      | Killed Sigmund
  5464 | D:4      | Reached skill level 12 in Stealth
  5537 | D:4      | Found a staircase to the Ecumenical Temple.
  5544 | Temple   | Entered the Ecumenical Temple
  5819 | Temple   | Became a worshipper of Dithmenos the Shadowed
  6235 | D:4      | Found a bloodstained altar of Trog.
  6333 | D:4      | Found a roughly hewn altar of Beogh.
  6342 | D:4      | Reached XP level 8. HP: 36/36 MP: 13/16
  6570 | D:4      | Killed Nixze's ghost
  6570 | D:4      | Reached skill level 13 in Stealth
  6941 | D:4      | Reached skill level 14 in Stealth
  7107 | D:5      | Entered Level 5 of the Dungeon
  7183 | D:5      | Reached * piety under Dithmenos
  7217 | D:5      | Found Otojuivu's Weapon Shoppe.
  7770 | D:6      | Found Ehyesedime's Armour Emporium.
  7793 | D:6      | Found a blossoming altar of Fedhas.
  7884 | D:6      | Reached skill level 15 in Stealth
  8141 | D:6      | Found a bloodstained altar of Trog.
  8282 | D:6      | Found Fyum's Magic Scroll Shop.
  8318 | D:6      | Reached skill level 16 in Stealth
  8318 | D:6      | Reached XP level 9. HP: 39/39 MP: 3/17
  8510 | D:6      | Found Wagyfacu's Weapon Shoppe.
  8520 | D:6      | Found Xuces's Armour Boutique.
  8699 | D:6      | Reached ** piety under Dithmenos
  8720 | D:6      | Reached skill level 5 in Spellcasting
  8722 | D:6      | Reached skill level 1 in Fighting
  9002 | D:7      | Noticed Prince Ribbit
  9005 | D:7      | Killed Prince Ribbit
  9021 | D:7      | Reached skill level 5 in Dodging
  9658 | D:7      | Reached *** piety under Dithmenos
  9738 | D:7      | Reached XP level 10. HP: 44/47 MP: 13/20
 10542 | D:8      | Found Libynoge's Antique Weapon Shop.
 10666 | D:8      | Found a runed gate.
 10666 | D:8      | Found a runed gate.
 10667 | D:8      | Found a runed gate.
 10675 | D:8      | Noticed Azzok's ghost (novice GnEn)
 10681 | D:8      | Found a roughly hewn altar of Beogh.
 11189 | D:8      | Killed Azzok's ghost
 11709 | D:9      | Reached **** piety under Dithmenos
 11709 | D:9      | Reached skill level 17 in Stealth
 12150 | D:9      | Gained mutation: You have a pair of small horns on your
                  | head. [potion of mutation]
 12150 | D:9      | Gained mutation: Your system is resistant to poisons.
                  | (rPois) [potion of mutation]
 12150 | D:9      | Gained mutation: You possess an exceptional clarity of
                  | mind. [potion of mutation]
 12150 | D:9      | Gained mutation: You are somewhat resistant to further
                  | mutation. [potion of mutation]
 12261 | D:9      | Reached skill level 5 in Short Blades
 13152 | D:10     | Entered Level 10 of the Dungeon
 13224 | D:10     | Reached ***** piety under Dithmenos
 13244 | D:10     | Found a burning altar of Makhleb.
 13246 | D:10     | Noticed a cacodemon
 13302 | D:10     | Found Wouges's Weapon Boutique.
 13303 | D:10     | Noticed a gargoyle
 13304 | D:10     | Reached XP level 11. HP: 53/53 MP: 23/23
 13525 | D:10     | Found an ancient bone altar of Kikubaaqudgha.
 13966 | D:10     | Noticed a two-headed ogre
 13972 | D:10     | Killed a two-headed ogre
 14149 | D:11     | Found a staircase to the Orcish Mines.
 14371 | D:11     | Noticed a red ugly thing
 14376 | D:11     | Killed a red ugly thing
 14404 | D:11     | Noticed a two-headed ogre
 14408 | D:11     | Killed a two-headed ogre
 14638 | D:11     | Found a staircase to the Lair.
 14907 | D:11     | Reached skill level 5 in Fighting
 15108 | D:11     | Found Viebyseo's Weapon Shop.
 15153 | D:12     | Reached skill level 18 in Stealth
 15186 | D:12     | Noticed Erolcha
 15195 | D:12     | Killed Erolcha
 15395 | D:12     | Reached XP level 12. HP: 50/60 MP: 16/26
 15529 | D:12     | Reached ****** piety under Dithmenos
 15659 | D:12     | Reached skill level 10 in Dodging
 15817 | D:12     | Found an ancient bone altar of Kikubaaqudgha.
 16111 | D:12     | Noticed Urug
 16123 | D:12     | Killed Urug
 16393 | D:12     | Noticed a two-headed ogre
 16402 | D:12     | Killed a two-headed ogre
 16434 | D:12     | Learned a level 1 spell: Apportation
 16444 | D:12     | Reached skill level 10 in Hexes
 16946 | D:13     | Found Sushrism's Weapon Shop.
 16981 | D:13     | Found a labyrinth entrance.
 16997 | Lab      | Entered a labyrinth
 17470 | Lab      | Noticed a minotaur
 17482 | Lab      | Killed a minotaur
 17508 | Lab      | Got a faintly glowing plate armour
 17616 | D:13     | Reached skill level 10 in Spellcasting
 17928 | D:13     | Noticed a two-headed ogre
 17932 | D:13     | Killed a two-headed ogre
 17994 | D:13     | Noticed a centaur warrior
 18002 | D:13     | Killed a centaur warrior
 18071 | D:13     | Noticed a centaur warrior
 18081 | D:13     | Killed a centaur warrior
 18123 | D:13     | Reached XP level 13. HP: 51/65 MP: 5/28
 18144 | D:13     | Reached skill level 19 in Stealth
 19193 | D:14     | Found a gate to the Vaults.
 19917 | Lair:1   | Entered Level 1 of the Lair of Beasts
 19993 | Lair:1   | Found a glowing golden altar of the Shining One.
 20554 | Lair:2   | Noticed Sonja
 20562 | Lair:2   | Found a staircase to the Shoals.
 20628 | Lair:2   | Killed Sonja
 21815 | Lair:3   | Found a staircase to the Snake Pit.
 22664 | Lair:4   | Reached XP level 14. HP: 72/72 MP: 30/30
 23622 | Lair:4   | Reached skill level 10 in Short Blades
 23802 | Lair:5   | Identified the Tome of Evil Arts
 23808 | Lair:5   | Reached skill level 20 in Stealth
 25035 | Lair:6   | Entered Level 6 of the Lair of Beasts
 25503 | Lair:6   | Noticed Kirke
 25524 | Lair:6   | Killed Kirke
 25763 | Lair:6   | Found a staircase to the Slime Pits.
 26379 | Lair:6   | Found the ring of Phasing {EV+8}
 26404 | Lair:6   | Reached XP level 15. HP: 55/77 MP: 21/32
 27337 | Orc:1    | Entered Level 1 of the Orcish Mines
 27568 | Orc:2    | Entered Level 2 of the Orcish Mines
 28218 | Orc:2    | Found a staircase to the Elven Halls.
 28626 | Orc:2    | Found Gomimur's Distillery.
 28628 | Orc:2    | Found Kusotaxt's Distillery.
 29007 | Orc:2    | Bought a potion of heal wounds for 70 gold pieces
 29007 | Orc:2    | Bought a potion of invisibility for 112 gold pieces
 29007 | Orc:2    | Bought a potion of agility for 56 gold pieces
 29007 | Orc:2    | Bought a potion of heal wounds for 70 gold pieces
 29007 | Orc:2    | Bought a potion of brilliance for 56 gold pieces
 29007 | Orc:2    | Bought a potion of resistance for 140 gold pieces
 29009 | Orc:2    | Bought a potion of invisibility for 128 gold pieces
 29009 | Orc:2    | Bought a potion of heal wounds for 80 gold pieces
 29778 | Orc:2    | Reached skill level 15 in Hexes
 29800 | Orc:2    | Found Loham's Book Emporium.
 29800 | Orc:2    | Found a one-way gate leading to the halls of Pandemonium.
 29800 | Orc:2    | Found Toevvyp's Antique Weapon Shoppe.
 30536 | Elf:1    | Entered Level 1 of the Elven Halls
 30642 | D:15     | Entered Level 15 of the Dungeon
 31576 | D:15     | Reached skill level 21 in Stealth
 31845 | D:15     | Found a staircase to the Depths.
 32522 | Depths:1 | Entered Level 1 of the Depths
 32862 | Snake:1  | Entered Level 1 of the Snake Pit
 33010 | Snake:1  | Noticed Rupert
 33012 | Snake:1  | Killed Rupert
 33012 | Snake:1  | Reached XP level 16. HP: 78/84 MP: 29/34
 33967 | Snake:2  | Reached skill level 15 in Dodging
 34676 | Snake:2  | Found a shattered altar of Ashenzari.
 35391 | Snake:2  | Found a sparkling altar of Nemelex Xobeh.
 35775 | Snake:3  | Noticed Nikola
 35811 | Snake:3  | Killed Nikola
 35925 | Snake:3  | Noticed Asterion
 35929 | Snake:3  | Killed Asterion
 35937 | Snake:3  | Found a frozen archway.
 35951 | IceCv    | Entered an ice cave
 36976 | IceCv    | Noticed an Ice Fiend
 36977 | IceCv    | Found the +0 pair of fencer's gloves {+Riposte Dex+3}
 36977 | IceCv    | Found the +15 Maxwell's patent armour {-Cast -Tele rElec
                  | MR+ rCorr}
 36980 | IceCv    | Killed an Ice Fiend
 38038 | Shoals:1 | Entered Level 1 of the Shoals
 38093 | Shoals:1 | Found a runed gate.
 38093 | Shoals:1 | Found a runed gate.
 38095 | Shoals:1 | Found a runed gate.
 38103 | Shoals:1 | Noticed Artichoke's ghost (journeyman DrMo)
 38103 | Shoals:1 | Noticed oberejnoburuli's ghost (adept DrCj)
 38104 | Shoals:1 | Noticed Tagefim's ghost (journeyman DDFi)
 38122 | Shoals:1 | Killed oberejnoburuli's ghost
 38127 | Shoals:1 | Killed Artichoke's ghost
 38133 | Shoals:1 | Killed Tagefim's ghost
 38133 | Shoals:1 | Reached XP level 17. HP: 70/88 MP: 36/36
 38166 | Shoals:1 | Reached XP level 18. HP: 80/93 MP: 37/37
 38886 | Shoals:2 | Noticed Roxanne
 38935 | Shoals:2 | Killed from afar by Roxanne

Vault maps used:
D:1:      dpeg_arrival_prison
D:2:      nicolae_qazlal_style_of_elements, uniq_jessica
D:3:      gup_sewer_entry_glass, uniq_ijyb, uniq_natasha
D:4:      minmay_temple_entry_enclosed_plants, first_ration,
          biasface_ghost_orc_armoury, trog_butcher_becter, uniq_sigmund
D:5:      serial_shops, nicolae_shop_trees
D:6:      cheibrodos_fertilizer, serial_shops, nicolae_shop_trees,
          nicolae_shop_crystal, shop, shop, basic_altar, trog_eyes_of_draining
D:7:      uniq_prince_ribbit1
D:8:      biasface_ghost_orc_armoury, serial_shops, nicolae_shop_behind_doors
D:9:      david_nohive_1
D:10:     serial_shops, nicolae_shop_statue_plus, basic_altar,
          makhleb_altar_promises_db
D:11:     erik_lair_dragon, orc_0_dummy, serial_shops, shop,
          minmay_misc_feat_cross
D:12:     lemuel_mausoleum_altar_kikubaaqudgha, uniq_erolcha, uniq_urug
D:13:     serial_shops, shop_coins, lab_entry_generic
D:14:     david_vaults_2, minmay_misc_feat_four_crosses
D:15:     hangedman_depths_entry_try_elsewhere_first,
          minmay_misc_feat_more_columns
Temple:   roderic_octagonal_lattice_temple
Lair:1:   basic_altar
Lair:2:   elwin_shoals_entry_rocks, serial_bayou_shore_a, uniq_sonja
Lair:3:   minmay_snake_entry_guardpost_small, serial_bayou_ford_a
Lair:4:   mu_elephants_graveyard, cheibrodos_lair_caveside_slide,
          grunt_forest_large_clearing_hut
Lair:5:   serial_forest, infiniplex_forest_lined_corner,
          infiniplex_forest_clump_curved, infiniplex_forest_lined_corner,
          infiniplex_forest_lined_2, infiniplex_forest_join,
          infiniplex_forest_clump_curved, infiniplex_forest_lined_2,
          infiniplex_forest_end_3
Lair:6:   minmay_lair_end_frog_pond, minmay_slime_entry_oklob_open,
          lemuel_fruit_tree, uniq_kirke
Shoals:1: gammafunk_ghost_cemetery
Shoals:2: nicolae_shoals_flooded_hall, uniq_ilsuiw, uniq_roxanne
Snake:1:  uniq_rupert
Snake:2:  spider_trap, grunt_ministairs_8, hangedman_feature_mirror
Snake:3:  portal_ice_cave_entry_pillars_1, uniq_asterion, uniq_vashnia,
          uniq_louise, uniq_nikola
Orc:2:    pf_orc_diabolical
Elf:1:    minmay_elf_arrival_circle, hangedman_elf_represent
Depths:1: serial_glass, glass_columns_a, glass_columns_c, glass_columns_c,
          glass_columns_c, glass_columns_b, glass_columns_c, glass_columns_a,
          glass_columns_a, glass_columns_a, glass_columns_a, hell_entry,
          grunt_ministairs_11, minmay_gold_behind_fungi, minmay_misc_feat_five,
          abandoned_shop, spider_trap, kb_rosetta
Sewer:    kennysheep_pipe_town
IceCv:    ice_cave_tombish

Skill      XL: |  1  2  3  4  5  6  7  8  9 10 11 12 13 14 15 16 17 |
---------------+----------------------------------------------------+-----
Spellcasting   | 3 4 6 7 9 10 11 12 13 14 | 14.1
Hexes          | 4 5 6 7 9 11 12 14 15 17 18 | 18.0
Stealth        | 5 8 10 12 16 17 18 19 20 21 | 21.8
Fighting       | 2 4 5 6 7 8 9 |  9.9
Short Blades   | 3 5 7 8 9 10 11 12 | 12.5
Dodging        | 5 7 9 11 12 13 14 15 | 15.9

Action                   |  1- 3 |  4- 6 |  7- 9 | 10-12 | 13-15 | 16-18 || total
-------------------------+-------+-------+-------+-------+-------+-------++-------
Melee: Dagger            |   111 |   191 |   317 |   641 |  1483 |   191 ||  2934
       Headbutt          |       |       |       |    73 |   352 |    58 ||   483
       Short sword       |       |       |       |       |   105 |       ||   105
       Rapier            |       |       |       |       |       |   200 ||   200
 Cast: Corona            |     8 |       |       |       |       |       ||     8
       Ensorcelled Hiber |    20 |    18 |    39 |    70 |   160 |    51 ||   358
       Dazzling Spray    |       |     2 |    10 |    27 |    36 |    44 ||   119
       Confuse           |       |    10 |    21 |    60 |    77 |     2 ||   170
       Tukima's Dance    |       |       |       |     2 |     5 |       ||     7
Invok: Shadow Step       |       |       |       |       |     3 |     5 ||     8
Evoke: Wand              |       |       |       |    13 |     5 |       ||    18
  Use: Scroll            |     8 |     3 |    10 |    11 |    16 |     2 ||    50
       Potion            |       |     2 |     3 |     6 |     6 |    10 ||    27
 Stab: Sleeping          |    18 |    28 |    51 |   114 |   188 |    65 ||   464
       Confused          |       |     4 |    13 |    33 |    48 |       ||    98
       Distracted        |       |     1 |     1 |     4 |     6 |     2 ||    14
       Invisible         |       |       |     9 |    13 |    31 |    36 ||    89
  Eat: Ration            |       |     2 |     4 |     5 |     8 |     3 ||    22
Armor: Robe              |    15 |    33 |    36 |    41 |    43 |    11 ||   179
       Skin              |       |    15 |       |       |       |       ||    15
Dodge: Dodged            |    89 |   121 |   230 |   434 |   760 |   359 ||  1993
Block: Other             |    12 |    18 |    25 |    43 |    70 |    28 ||   196
       Reflection        |       |     1 |       |     1 |     2 |     4 ||     8

Table legend:
 A = Non-vault XP
 B = Vault XP
 C = Vault XP percentage of total XP
 D = Non-vault monster count
 E = Vault monster count
 F = Vault count percentage of total count
                 A         B        C        D         E       F
            +---------+---------+-------+---------+---------+-------
      Total |  134467 |   86969 |  39.3 |     654 |     296 |  31.2
            +---------+---------+-------+---------+---------+-------
        D:1 |      42 |       3 |   6.7 |      17 |       2 |  10.5
        D:2 |      96 |      37 |  27.8 |      32 |       1 |   3.0
        D:3 |      99 |      96 |  49.2 |      19 |       5 |  20.8
        D:4 |     477 |     774 |  61.9 |      20 |      18 |  47.4
        D:5 |     188 |       0 |   0.0 |      12 |       0 |   0.0
        D:6 |     407 |    1679 |  80.5 |      14 |      22 |  61.1
        D:7 |    1165 |     268 |  18.7 |      25 |       1 |   3.8
        D:8 |     500 |    1130 |  69.3 |      12 |      10 |  45.5
        D:9 |    1856 |    1176 |  38.8 |      38 |      15 |  28.3
       D:10 |    2929 |       0 |   0.0 |      33 |       0 |   0.0
       D:11 |    4018 |    1287 |  24.3 |      36 |       6 |  14.3
       D:12 |    7391 |    2583 |  25.9 |      40 |      14 |  25.9
       D:13 |   12130 |       0 |   0.0 |      44 |       0 |   0.0
       D:14 |    4874 |    2666 |  35.4 |      17 |       3 |  15.0
       D:15 |   16690 |    2640 |  13.7 |      47 |       4 |   7.8
     Lair:1 |    2964 |       0 |   0.0 |      10 |       0 |   0.0
     Lair:2 |    6728 |     788 |  10.5 |      21 |       1 |   4.5
     Lair:3 |    4587 |     264 |   5.4 |      19 |       2 |   9.5
     Lair:4 |    3247 |   11219 |  77.6 |      15 |      23 |  60.5
     Lair:5 |    3120 |     346 |  10.0 |      12 |       2 |  14.3
     Lair:6 |    7080 |   16885 |  70.5 |      21 |      51 |  70.8
   Shoals:1 |    6652 |    5579 |  45.6 |      15 |       3 |  16.7
    Snake:1 |   11594 |    2614 |  18.4 |      24 |       1 |   4.0
    Snake:2 |   20626 |    2382 |  10.4 |      34 |       4 |  10.5
    Snake:3 |    7835 |    6553 |  45.5 |      18 |       2 |  10.0
      Orc:1 |    4257 |       0 |   0.0 |      51 |       0 |   0.0
      Orc:2 |     657 |   16390 |  96.1 |       6 |      58 |  90.6
   Depths:1 |    1019 |       0 |   0.0 |       1 |       0 |   0.0
        Lab |    1239 |       0 |   0.0 |       1 |       0 |   0.0
      Sewer |       0 |     324 | 100.0 |       0 |      24 | 100.0
      IceCv |       0 |    9286 | 100.0 |       0 |      24 | 100.0
            +---------+---------+-------+---------+---------+-------
